Map: [ESL] Inside and Out

Players

Kelazhur - Winner!

  • Race: Terran Terran
  • League: Master
  • Spawn Location: 7:00

Astrea

  • Race: Protoss Protoss
  • League: Master
  • Spawn Location: 1:00

Event: HomeStory Cup XXII

VOD

Have the link to the VOD?

Description

Time

  • Played on: Dec. 16, 2022, 8:39 a.m.
  • Length: 7:05

All games in this series

Show
View Real Time Build Order
Export as new Build Order

Kelazhur Terran - Winner!

Build Orders:  

Get SALT Encoding   

  12  0:00  SCV  
  13  0:12  SCV  
  14  0:16  Supply Depot  
  14  0:24  SCV  
  15  0:38  SCV  
  15  0:39  Barracks  
  16  0:42  Refinery  
  16  0:50  SCV  
  16  0:52  Refinery  
  17  1:02  SCV  
  18  1:14  SCV  
  19  1:26  Reaper, Orbital Command  
  19  1:28  Supply Depot  
  20  1:40  Factory  
  20  1:52  SCV  
  21  1:58  Reaper  
  22  2:04  SCV  
  23  2:15  Command Center  
  23  2:18  SCV  
  24  2:24  Hellion  
  26  2:30  SCV  
  26  2:31  Reaper  
  26  2:35  Supply Depot  
  28  2:43  SCV  
  29  2:45  Hellion  
  29  2:50  Starport  
  31  2:57  SCV  
  32  3:04  Barracks Reactor  
  32  3:08  Factory Tech Lab  
  32  3:09  SCV  
  33  3:16  Barracks  
  33  3:21  SCV  
  34  3:28  Barracks, Orbital Command  
  34  3:33  SCV  
  33  3:37  Cyclone  
  36  3:42  Marine, Starport Tech Lab  
  36  3:45  SCV  
  38  3:52  Marine  
  33  3:57  SCV  
  33  4:00  Banshee, Marine  
  38  4:03  Cloaking Field  
  38  4:06  Marine  
  38  4:09  Marine  
  39  4:16  Marine  
  40  4:18  Marine  
  39  4:26  Siege Tank  
  39  4:27  SCV  
  39  4:29  Marine  
  39  4:30  Marine  
  43  4:34  Marine  
  43  4:45  Banshee  
  43  4:46  Marine  
  43  4:49  Marine  
  43  4:54  Marine x2  
  43  4:56  Orbital Command  
  44  5:06  Marine  
  44  5:07  Marine  
  45  5:09  SCV  
  45  5:12  Marine x2  
  45  5:14  Siege Tank  
  52  5:20  Supply Depot  
  52  5:21  SCV  
  53  5:23  SCV  
  54  5:41  Supply Depot, Marine x4  
  54  5:42  SCV x2  
  60  5:49  Raven  
  62  5:52  Engineering Bay  
  62  6:02  SCV x2, Marine x3  
  67  6:04  Marine  
  67  6:05  Supply Depot  
  68  6:14  SCV x2  
  70  6:25  Siege Tank  
  70  6:26  Marine x3  
  70  6:27  SCV  
  70  6:30  SCV  
  75  6:34  Marine  
  75  6:39  SCV  
  77  6:46  SCV  
  78  6:52  Refinery, Barracks Tech Lab  
  78  6:54  Refinery  
Show
View Real Time Build Order
Export as new Build Order

Astrea Protoss 

Build Orders: 1 Gate Expand 

Get SALT Encoding   

  12  0:00  Probe  
  13  0:12  Probe  
  14  0:16  Pylon  
  14  0:24  Probe  
  15  0:35  Gateway  
  15  0:36  Probe  
  16  0:48  Probe  
  17  1:06  Nexus  
  17  1:10  Assimilator  
  17  1:14  Probe  
  18  1:24  Cybernetics Core  
  18  1:27  Probe  
  19  1:35  Pylon  
  19  1:39  Probe  
  20  1:51  Probe  
  20  1:52  Gateway  
  20  1:53  Warp Gate (Chrono Boost)  
  21  1:57  Adept (Chrono Boost)  
  23  2:07  Probe  
  23  2:18  Probe  
  23  2:19  Probe  
  23  2:21  Adept  
  27  2:30  Probe  
  27  2:35  Probe, Gateway  
  29  2:41  Adept  
  29  2:42  Probe  
  32  2:47  Probe  
  33  2:54  Probe  
  34  2:59  Probe  
  34  3:02  Assimilator  
  34  3:03  Pylon  
  35  3:06  Probe  
  36  3:13  Probe  
  36  3:18  Probe  
  38  3:23  Adept x2  
  38  3:25  Probe  
  41  3:31  Probe  
  41  3:37  Probe  
  41  3:44  Adept  
  41  3:45  Adept x2  
  41  3:48  Probe (Chrono Boost)  
  48  3:55  Probe (Chrono Boost)  
  44  4:00  Probe (Chrono Boost)  
  45  4:05  Probe (Chrono Boost)  
  45  4:07  Adept, Probe (Chrono Boost), Stalker x2  
  53  4:10  Probe (Chrono Boost)  
  53  4:16  Probe  
  51  4:21  Probe  
  50  4:28  Stalker  
  50  4:29  Probe  
  53  4:33  Probe  
  53  4:36  Pylon x2  
  53  4:37  Assimilator  
  53  4:38  Twilight Council  
  54  4:42  Probe  
  53  4:45  Probe  
  53  4:50  Robotics Facility  
  52  4:54  Probe  
  52  4:58  Probe, Stalker  
  48  5:00  Shield Battery  
  48  5:03  Shield Battery  
  44  5:07  Stalker  
  44  5:08  Probe  
  47  5:14  Probe, Assimilator  
  47  5:17  Stalker  
  47  5:20  Probe  
  51  5:27  Probe  
  50  5:39  Observer (Chrono Boost)  
  50  5:40  Pylon  
  51  5:43  Nexus  
  51  5:55  Stalker x2  
  55  6:02  Probe  
  53  6:04  Pylon  
  53  6:09  Probe  
  53  6:14  Probe  
  54  6:21  Probe  
  55  6:26  Probe, Stalker x2  
  55  6:30  Robotics Bay  
  58  6:33  Pylon  
  58  6:34  Probe  
  58  6:39  Probe  
  55  6:46  Probe  
  44  6:49  Stalker x2  
  44  6:51  Probe  
Tags
 
Add a new tag
Caveats
  • Supply blocks, unpowered buildings, or Contaminate may cause inaccurate times.
  • Supply counts are checked every 10 seconds.